Tallboy, neutral male gnomish Healer ---- --------..-- --- |.--.--....| ------- --.-- |.............|........---- --...|.- ---......................... ....|...d@.. ---...................-..---......|.... ---.|...........--^.....|......-- ---.|....| -----.....--..||...........|.--- -........| ----- |...----------.........|...- ....|...-- --...---- ---- --..-- |.......|.|--.. .....|....|.--- --.......-- --..-----...| ---..).-|.| |.. .........-|.| --.........| |....--..---- |....--.- -...-----.--....-.-----|.| |.........-- |.......-- -..... ..................| |.|--|......<.-| |-.....-- --...- -----.--------.---- |.|.-----......| --......- ---.--- |.. |..-- |....| -.....| |........| |...| ----...--- |-..| |.-..-----....-- |........-- ---.--- --........| --..-- ---............-- |.........| |...| --.........| |...| ---...|....--.---- -...)....| |..-- |....>|....| --..| |...---...----- ---.|.---- |..| ----.---..-- ---- |.......--- --- ---- --- ---- --------- Tallboy the Rhizotomist Experience level: 1 Strength: 10 Dexterity: 15 Constitution: 14 Intelligence: 9 Wisdom: 14 Charisma: 18 Health: 0(12) Energy: 5(7) Def: 2 Gold: 1711 Moves: 1192 Dungeon seed: FnOiI6qRdO-k4GJ6 Game ID: Tallboy_1568390618 Your Inventory: Coins $ - 1711 gold pieces Weapons a - a +0 scalpel (weapon in hand) Armor e - an uncursed +1 pair of leather gloves (being worn) n - an uncursed +0 pair of iron shoes Comestibles l - 2 uncursed apples Spellbooks i - a blessed spellbook of healing j - a blessed spellbook of extra healing k - a blessed spellbook of stone to flesh Potions c - 3 uncursed potions of healing d - a blessed potion of healing f - 2 uncursed potions of extra healing g - 2 blessed potions of extra healing Wands h - a wand of sleep (0:7) Tools b - an uncursed stethoscope t - a +0 pick-axe Spells and supernatural/magical abilities: Name Level Category Fail Memory h - healing 1 healing 0% 95% x - extra healing 3 healing 68% 95% S - stone to flesh 3 healing 76% 95% W - pray for help -- divine ? -- Your skills at the end: Fighting Skills Weapon Skills knife [Basic] Spellcasting Skills healing spells [Basic] Final Attributes: You were devoutly aligned. You were poison resistant. You had infravision. You are dead. Vanquished creatures: 2 dwarves a gas spore 2 hobbits a large kobold a yellow mold 3 gnomes 2 gnome zombies a fox 2 kobolds 2 bats 2 lichens a kobold zombie 20 creatures vanquished. Voluntary challenges: You followed a strict vegan diet. You were an atheist. You used a wielded weapon 5 times, starting on turn 861. You were illiterate. You never genocided any monsters. You never polymorphed an object. You never changed form. You used no wishes. You never split a pudding. You never wrote Elbereth's name. You violated your moral code, losing 1 point of alignment, starting on turn 608. Dungeon overview: The Dungeons of Doom: levels 1 to 2 Level 1 a long staircase Level 2 stairs to The Gnomish Mines The Gnomish Mines: Level 3 <- You were here stairs to The Dungeons of Doom History has recorded: On T:1 you entered the Dungeons of Doom to retrieve the Amulet of Yendor! On T:3 you reached level 2 of The Dungeons of Doom. On T:551 you reached level 1 of The Gnomish Mines. Score breakdown: Gold: 73 ( 6358 points) Experience: 1 level ( 0 points) Exploration: 3 levels ( 6.25%) ( 6188 points) Discoveries: 0 items ( 0.00%) ( 0 points) Valuables value: (no points given unless you survive) Artifact value: 0 ( 0 points) Variety of kills: 12 monsters ( 3.15%) ( 5324 points) Turncount: 1192 turns ( 0 points) Survival: died (score multiplied by 80%) Total score: 14296 Latest messages: You feel better. The bat bites! The little dog bites the bat. The bat is killed! The hobbit hits! You hit the hobbit. The hobbit hits! The little dog misses the hobbit. You hit the hobbit. The little dog bites the hobbit. The hobbit is killed! There are a few objects here. The little dog eats a hobbit corpse. You see here a sling. You hear some noises. There are many objects here. A trap door in the ceiling opens and a rock falls on your head! There are many objects here. A trap door in the ceiling opens and a rock falls on your head! You die... Final status: Goodbye Tallboy the Healer, killed by a falling rock... You died in The Gnomish Mines on dungeon level 3 with 14296 points, and 1711 pieces of gold, after 1192 moves. You were level 1 with a maximum of 12 hit points when you died.